Cogmind - Beta 15 @@@ ROGUE MODE // 2025.08.08 @ 01:41:38 Player: Skysub Result: Destroyed by Striker with Plasma Lance Performance ------------- Evolutions (7) 3500 Regions Visited (18) 3600 Robots Destroyed (356) 1780 Value Destroyed (14597) 14597 Prototype IDs (52) 1040 Alien Tech Used (0) 0 Bonus (8157) 8157 TOTAL SCORE: 32674 Bonus ------- High Alert Combat Kills 3657 Follower Combat Kills 1741 Network Hubs Disabled 200 Met Warlord at Base 500 MAIN.C Attacked Warlord 500 Built Enhanced Grunts 300 A7 Reached Mainframe 300 Met R17 at Cetus 500 Met R17 at Research 2000 Friendly Fire -1541 Cogmind --------- Core Integrity 0/1300 Matter 295/300 Energy 85/405 System Corruption 0% Temperature Warm (175) Movement Walking (116) Location -3/Research Parts ------- > --- POWER (2) -------- Reinforced Antimatter Reactor Light Particle Reactor > --- PROPULSION (5) --- Flexi-carbon Leg Myomer Leg Myomer Leg Biometal Leg Biometal Leg > --- UTILITY (10) ----- Advanced Heat Sink Advanced Heat Sink Advanced Heat Sink Advanced Reaction Control System Heavy Armor Plating Hardened Heavy Armor Plating Graphene Brace Improved Force Field > --- WEAPON (4) ------- Precision Phase Gun Precision Phase Gun Precision Phase Gun Railgun > --- INVENTORY (5) ---- Microactuators Hardened Heavy Armor Plating Plasma Rifle Plasma Rifle Peak State ------------ > --- POWER ------------ Reinforced Antimatter Reactor Light Particle Reactor > --- PROPULSION ------- Flexi-carbon Leg Myomer Leg Myomer Leg Biometal Leg Biometal Leg > --- UTILITY ---------- Advanced Heat Sink Advanced Heat Sink Advanced Heat Sink Advanced Reaction Control System Heavy Armor Plating Hardened Heavy Armor Plating Graphene Brace Improved Force Field > --- WEAPON ----------- Precision Phase Gun Precision Phase Gun Precision Phase Gun Railgun > --- INVENTORY -------- Microactuators Hardened Heavy Armor Plating Plasma Rifle Plasma Rifle [Rating: 136] Favorites ----------- Power Constructs Engine Cooled Ion Engine Power Core Micro Fission Core Reactor Constructs Propulsion Light Treads Treads Light Treads Leg Flexi-carbon Leg Wheel Wheel Hover Unit Improved Gyrokinetic Inverter Flight Unit Improved Flight Unit Utility High-capacity Storage Unit Device Armored Scrap Engine Storage High-capacity Storage Unit Processor Experimental Targeting Computer Hackware Improved Hacking Suite Protection Medium Regenerative Plating Weapon Constructs Energy Gun Advanced Beam Rifle Energy Cannon Constructs Ballistic Gun Light Assault Rifle Ballistic Cannon Constructs Launcher Precision Grenade Launcher Impact Weapon Maul Slashing Weapon Mining Claw Piercing Weapon Force Lance Special Melee Weapon Datajack Build | -11 -10 -10 -10 -8 -8 -8 -6 -6 -6 -6 -6 -5 -5 -5 -5 -4 -4 -3 ------- Run | Yrd Mat Min Sub Mat Sto Rec Fac Ext Cet Arc Hub Fac Upp Upp War Pro Fac Res Slots Evolved 14 | . . . . 4 . . 4 . . . . 2 . . . . 2 2 Power 1 | . . . . . . . 1 . . . . . . . . . . . Propulsion 3 | . . . . 1 . . 1 . . . . . . . . . . 1 Utility 8 | . . . . 2 . . 1 . . . . 2 . . . . 2 1 Weapon 2 | . . . . 1 . . 1 . . . . . . . . . . . Parts Attached 271 | 7 5 6 3 14 29 7 22 12 10 6 8 16 3 5 13 9 60 36 Power 19 | 1 . 1 . 3 2 . . . . . 1 3 . . . 1 3 4 Engine 8 | 1 . 1 . 3 2 . . . . . . . . . . . . 1 Core 4 | . . . . . . . . . . . . 3 . . . . 1 . Reactor 7 | . . . . . . . . . . . 1 . . . . 1 2 3 Propulsion 68 | 2 1 2 1 1 10 1 11 3 1 . 1 2 2 1 3 2 11 13 Treads 31 | 2 . 1 1 1 6 1 6 2 1 . 1 2 1 1 2 . 2 1 Leg 13 | . . . . . . . . . . . . . . . . 1 3 9 Wheel 16 | . 1 1 . . 2 . 3 1 . . . . 1 . . . 5 2 Hover 4 | . . . . . 1 . 1 . . . . . . . . . 1 1 Flight 4 | . . . . . 1 . 1 . . . . . . . 1 1 . . Utility 117 | 2 4 . . 6 5 5 5 5 5 6 3 8 1 1 7 5 38 11 Device 69 | 1 . . . 4 3 3 1 . 1 4 1 5 1 1 3 3 30 8 Storage 5 | 1 2 . . 1 . . . . . . . . . . . . . 1 Processor 6 | . . . . . . . . . . 1 . 1 . . . 2 2 . Hackware 2 | . . . . . . . . . . . 2 . . . . . . . Protection 35 | . 2 . . 1 2 2 4 5 4 1 . 2 . . 4 . 6 2 Artifact . | . . . . . . . . . . . . . . . . . . . Weapon 67 | 2 . 3 2 4 12 1 6 4 4 . 3 3 . 3 3 1 8 8 Energy Gun 25 | . . . 1 2 5 . 1 1 1 . . 1 . 1 2 . 4 6 Energy Cannon 7 | . . . . . 3 . . . 1 . 1 1 . . . . 1 . Ballistic Gun 19 | 2 . 1 . 2 3 . 4 1 2 . . 1 . 1 . 1 1 . Ballistic Cannon 2 | . . . . . . . . . . . . . . 1 1 . . . Launcher 6 | . . 1 1 . . . 1 . . . 2 . . . . . 1 . Special Weapon . | . . . . . . . . . . . . . . . . . . . Impact Weapon 2 | . . . . . 1 1 . . . . . . . . . . . . Slashing Weapon 2 | . . 1 . . . . . 1 . . . . . . . . . . Piercing Weapon 3 | . . . . . . . . . . . . . . . . . 1 2 Special Melee Weapon 1 | . . . . . . . . 1 . . . . . . . . . . Unidentified Prototypes 34 | . . . . . 8 1 3 . 4 2 1 2 . . 5 3 4 1 Corrupted Parts 4 | . . . . . 1 . . . . . 3 . . . . . . . System Corruption 21 | . . . . . 5 . . . . . 16 . . . . . . . Parts Lost 93 | . 1 5 1 6 5 2 8 4 2 . 8 5 2 . 8 4 22 10 Power 10 | . . 1 . 2 1 . 1 . . . . 1 . . 2 . 2 . Propulsion 29 | . . 2 . . 3 1 2 2 . . 2 2 1 . 3 2 5 4 Utility 29 | . 1 . . 2 . 1 2 . 1 . 1 1 . . 3 2 11 4 Weapon 25 | . . 2 1 2 1 . 3 2 1 . 5 1 1 . . . 4 2 Highest Loss Streak 10 | . 1 3 1 2 1 1 6 2 2 . 4 3 1 . 8 9 10 6 To Critical Strikes 6 | . . . . . . . 2 . . . 1 . . . . 1 2 . Average Backups 15 | 3 10 11 15 20 18 18 18 18 18 18 13 15 18 19 19 11 17 4 Power . | . 1 . 1 1 1 . . . . 1 . . . 1 1 . . . Propulsion 1 | 1 4 4 4 6 3 . 2 1 . 1 . 1 1 1 1 . 1 . Utility 8 | . 1 2 3 2 5 10 9 11 11 10 10 10 11 11 11 6 11 1 Weapon 4 | . 3 3 5 9 7 6 5 5 5 5 2 2 5 5 5 4 4 2 Tool/Special . | . . . . . . . . . . . . . . . . . . . Unused Backups 63 | 1 1 . . 6 9 4 10 6 . 3 . . . 1 4 . 16 2 Power 3 | . . . . . . . . . . . . . . 1 . . 2 . Propulsion 9 | 1 . . . 2 2 . 2 . . . . . . . . . 2 . Utility 25 | . . . . 1 . 4 6 3 . 2 . . . . 2 . 5 2 Weapon 26 | . 1 . . 3 7 . 2 3 . 1 . . . . 2 . 7 . Tool/Special . | . . . . . . . . . . . . . . . . . . . Average Slot Usage (%) 78 | . 100 99 100 89 99 95 79 68 61 55 63 79 86 81 70 58 61 64 Engine 4 | . 14 13 14 7 8 7 4 1 . 4 1 . . . . . . . Core 1 | . . . . . . . 1 4 3 . . 4 11 5 4 . . . Reactor 1 | . . . . . . . . . 2 1 5 2 . . . 5 4 6 Treads 11 | . 17 13 14 15 19 17 16 10 12 12 12 10 16 22 13 2 2 . Leg 1 | . . . . . . . . . . . . . . . . 2 . 15 Wheel 4 | . 10 14 14 9 7 9 4 4 1 . . . . . 2 . 3 1 Flight 1 | . . . . . . . 1 1 . . . . . . 2 2 2 . Device 15 | . 6 . . 16 16 11 11 6 8 10 8 19 22 23 22 17 22 19 Storage 7 | . 14 14 14 9 9 9 6 6 6 6 6 5 5 5 5 5 4 . Processor 1 | . . . . . . . . . . . . . . . . 5 7 . Protection 7 | . 7 14 14 6 10 12 7 9 9 7 10 7 5 5 5 3 4 4 Energy Gun 4 | . . . 11 8 7 15 3 5 3 . . 5 9 5 . . 1 9 Energy Cannon 1 | . . . . . 5 . 4 . 3 10 7 3 . . 3 . . . Ballistic Gun 9 | . 28 27 12 16 11 8 13 13 8 . 7 10 11 6 3 2 . 2 Ballistic Cannon 1 | . . . . . . . . . . 1 . . . 2 1 4 4 . Peak Build Rating 136 | 7 8 8 12 24 36 44 65 71 109 117 120 115 108 96 101 108 134 136 Average Rating 68 | 6 7 7 10 20 30 35 57 61 83 113 103 106 92 87 93 101 112 93 On Entrance 57 | . 7 8 7 12 24 32 44 65 56 109 115 99 108 86 88 77 106 54 Naked Turns 15 | . . . . . . . . . . . . . . . . . . 15 Heaviest Build 137 | 13 90 92 90 101 72 68 80 80 94 106 105 106 84 93 91 122 137 116 Greatest Support 126 | 40 40 16 16 16 62 10 96 79 101 122 122 103 117 90 90 52 75 126 Greatest Overweight (x) 12 | . 8 9 5 6 7 6 7 7 4 1 . 1 1 1 9 6 12 5 Average Overweight (x) 3 | . 5 7 5 4 4 5 1 1 . . . . . . 3 2 5 . Largest Inventory Capacity 25 | 8 25 25 25 25 20 20 20 20 20 20 20 20 20 20 20 20 20 5 Average Capacity 19 | 7 20 25 25 23 20 20 20 20 20 20 20 20 20 20 20 20 19 5 Most Carried 25 | 5 14 12 22 25 20 20 20 20 20 20 20 20 20 20 20 13 20 5 Average Carried 16 | 3 10 11 15 21 19 19 19 19 18 19 14 15 18 19 19 11 18 4 Final Capacity 25 | 8 25 25 25 20 20 20 20 20 20 20 20 20 20 20 20 20 5 5 Final Carried 22 | 5 12 9 22 20 19 18 20 20 20 20 14 20 19 20 15 12 5 5 Scrap Engine Consumption 185 | . . . . . . 11 25 28 9 7 4 19 . 11 13 3 52 3 Constructs Created 15 | . . . . . . 1 3 1 . . 1 4 . . 1 . 3 1 Constructs Modified 56 | . . . . . . . 6 12 3 3 . 4 1 4 4 2 17 . Class Distribution -------------------- 21% | Scavenger-Tank 20% | Mutant 14% | Tank 8% | Construct 7% | Scavenger-Skirmisher 7% | Commander-Tank 6% | Gunner 5% | Scavenger-Construct Dominant Class ---------------- Mutant | -10/Materials Mutant | -10/Mines Mutant | -10/Subcaves Tank | -8/Materials Scavenger-Tank | -8/Storage Tank | -8/Recycling Scavenger-Tank | -6/Factory Commander-Tank | -6/Extension Commander-Tank | -6/Cetus Commander-Construct | -6/Archives Scavenger-Tank | -6/Hub_04(d) Scavenger-Tank | -5/Factory Scavenger-Skirmisher | -5/Upper Caves Scavenger-Skirmisher | -5/Upper Caves Scavenger-Construct | -5/Warlord Tank | -4/Proximity Caves Construct | -4/Factory Scavenger-Tank | -3/Research Resources | -11 -10 -10 -10 -8 -8 -8 -6 -6 -6 -6 -6 -5 -5 -5 -5 -4 -4 -3 ----------- Run | Yrd Mat Min Sub Mat Sto Rec Fac Ext Cet Arc Hub Fac Upp Upp War Pro Fac Res Matter Collected 8124 | 346 166 109 133 310 1153 349 562 663 158 126 611 725 231 286 153 452 1067 524 Remotely 151 | . . . . 86 65 . . . . . . . . . . . . . Salvage Created 17415 | 227 438 136 196 538 2020 403 1398 905 69 286 1307 1046 363 362 . 726 6459 536 Parts 815 | 16 33 10 20 30 104 20 67 34 3 22 52 48 10 11 . 29 295 11 Haulers Intercepted 13 | . 1 . . 1 1 . 3 . . . 1 2 . . . . 3 1 Recyclers Shooed 14 | . 1 . . 1 2 . 4 2 . . . . . 1 . . 3 . Parts Field Recycled . | . . . . . . . . . . . . . . . . . . . Retrieved Matter . | . . . . . . . . . . . . . . . . . . . Parts Self-Destructed 45 | . . . 5 . . . . . . . . . 8 6 . 26 . . Prevented . | . . . . . . . . . . . . . . . . . . . Kills | -11 -10 -10 -10 -8 -8 -8 -6 -6 -6 -6 -6 -5 -5 -5 -5 -4 -4 -3 ------- Run | Yrd Mat Min Sub Mat Sto Rec Fac Ext Cet Arc Hub Fac Upp Upp War Pro Fac Res Combat Hostiles Destroyed 257 | . 10 6 3 15 43 9 15 11 1 1 17 13 6 7 . 13 82 5 Melee 6 | . . . . . . . . 2 . . . . . . . 2 . 2 Guns 123 | . 10 4 2 11 27 9 12 5 . . 5 9 6 3 . 5 12 3 Cannons 105 | . . . . . 15 . 1 3 1 1 4 4 . 4 . 6 66 . AOE 19 | . . 2 1 4 . . . 1 . . 7 . . . . . 4 . Classes Destroyed 21 | 2 5 . 1 1 5 . 2 . . . 2 . . 1 . 1 1 . Worker 22 | . . . . . 3 . 1 . . . 8 1 . . . . 7 2 Builder 16 | . 1 . . . . . 2 . . . 2 2 . . . . 9 . Tunneler 10 | 7 . . . . . . . . . . 1 . . . . . 2 . Hauler 13 | . 1 . . 1 1 . 3 . . . 1 2 . . . . 3 1 Recycler 10 | 1 . . . . 1 . 2 2 . . . . . . . . 4 . Minesweeper 1 | . . . . . . . . . . . . . . . . 1 . . Operator 6 | . . . . . 1 . . 1 . 4 . . . . . . . . Drone 4 | . . . . . 2 . . . . . . . . . . 2 . . Watcher 14 | . 2 . . . 1 . 1 1 . . 2 1 . . . . 6 . Swarmer 49 | . 3 4 . 4 10 . 4 3 . . . . . 4 . 8 9 . Saboteur 2 | . . . . . . . . . . . 1 . . . . . 1 . Grunt 101 | . 7 2 . 7 16 . 5 4 . . 6 9 3 1 . 1 38 2 Brawler 7 | . . . . . 3 1 . . . . 2 . . . . . 1 . Duelist 6 | . . . . . 2 . . . . . 1 . . . . . 3 . Protector 1 | . . . . . . . . . . . 1 . . . . . . . Sentry 30 | . . . . 4 12 . 1 3 . 1 . 1 1 1 . . 5 1 Hunter 21 | . . . . . . . 3 . . . 2 1 2 . . . 11 2 Programmer 19 | . . . . . . . 2 . . . 1 2 . . . 2 12 . Heavy 1 | . . . . . . . . . . . . . . . . . 1 . Behemoth 2 | . . . . . . . . . . . . . . 1 . . 1 . Cetus Guard 1 | . . . . . . . . . 1 . . . . . . . . . Enhanced Grunt 3 | . . . . . . . . . . . 3 . . . . . . . Lightning 3 | . . . . . . . . . . . 3 . . . . . . . Subdweller 11 | . . . 3 . . 8 . . . . . . . . . . . . Packrat 1 | . . . . . . . . . . . . . . 1 . . . . Thug 1 | . . . . . . . . . . . 1 . . . . . . . Guerrilla 3 | . . . . . . . . 1 . . 2 . . . . . . . Best Kill Streak 16 | 2 3 3 2 6 7 2 6 3 1 3 8 4 2 4 . 4 16 2 Combat Bots Only 10 | . 3 3 2 6 6 2 4 3 1 1 6 4 2 4 . 4 10 2 Max Kills in Single Turn 9 | 1 2 1 1 2 1 1 2 1 1 1 9 2 1 1 . 1 2 1 Gunslinging 1 | . 1 . . 1 . . . . . . . . . . . . . . Exploded 3 | . . 1 1 2 . . . 1 . . 3 . . . . . 2 . Melee 1 | . . . . . . . . 1 . . . . . . . 1 . 1 Uniques/NPCs Destroyed 1 | . . . . . . . . . . 1 . . . . . . . . A7 (-6/Archives) Combat | -11 -10 -10 -10 -8 -8 -8 -6 -6 -6 -6 -6 -5 -5 -5 -5 -4 -4 -3 -------- Run | Yrd Mat Min Sub Mat Sto Rec Fac Ext Cet Arc Hub Fac Upp Upp War Pro Fac Res Hostile Shots Fired 2349 | . 53 42 14 57 137 29 218 158 26 8 229 139 63 55 177 120 662 162 Missed 650 | . 18 15 4 19 37 12 52 48 9 3 57 15 14 15 53 38 198 43 Hits 1699 | . 35 27 10 38 100 17 166 110 17 5 172 124 49 40 124 82 464 119 Melee 45 | . . . . . 10 1 3 . . . 6 . . . 13 . 11 1 Projectile 1654 | . 35 27 10 38 90 16 163 110 17 5 166 124 49 40 111 82 453 118 AOE 8 | . . . . . 1 . . . . . . . . . . . 2 5 Critical Strikes 98 | . 1 . . . 10 1 4 4 3 . 17 7 2 . 6 3 32 8 Actively Blocked 7 | . . . . . . . . . . . . . . . . . . 7 Part Disruptions 1 | . . . . . . . . . . . 1 . . . . . . . Damage Taken 31127 | . 405 351 241 594 1630 322 2575 2041 494 108 4286 2536 910 784 2435 708 7994 2713 Core 4137 | . 50 44 44 69 196 32 234 144 . . 336 477 100 53 132 57 867 1302 Absorbed by Shields 3158 | . . . . . . 43 151 27 . . 141 . . . 286 569 1698 243 Reduced by Siege Mode 71 | . . . . . . . . . . . . 71 . . . . . . Ignored by Resistances 540 | . . . . . . . . . . . . 172 . . . . 368 . Regen/Repaired (Parts) 5020 | . . . . . 169 5 232 379 199 178 374 621 214 425 520 391 1313 . Core Remaining (%) 41 | 100 . . 44 . . 46 . . . . 16 . . . . 18 24 . Volleys Fired 968 | 38 58 25 21 28 99 24 57 54 21 25 59 49 21 25 1 52 283 28 Largest 4 | 2 2 2 2 3 3 3 4 4 3 2 3 4 4 3 1 2 2 4 Hottest 317 | 40 40 40 70 101 154 147 235 144 118 102 160 305 238 167 168 226 291 317 Shots Fired 1890 | 76 116 45 39 67 274 73 162 148 29 30 103 132 72 52 1 61 319 91 Gun 1303 | 76 116 41 36 63 206 73 122 143 12 . 30 104 72 29 . 42 47 91 Cannon 551 | . . . . . 68 . 40 5 17 30 52 28 . 23 1 19 268 . Launcher 36 | . . 4 3 4 . . . . . . 21 . . . . . 4 . Special . | . . . . . . . . . . . . . . . . . . . Kinetic 1089 | 76 116 41 18 48 139 23 57 105 7 5 30 70 21 37 . 56 219 21 Thermal 713 | . . . 18 7 135 50 104 38 22 25 52 62 51 15 1 . 63 70 Explosive 36 | . . 4 3 4 . . . . . . 21 . . . . . 4 . Electromagnetic 16 | . . . . 8 . . 1 5 . . . . . . . . 2 . Entropic 36 | . . . . . . . . . . . . . . . . 5 31 . Robot Hit Streak 20 | 9 7 5 20 9 18 11 12 9 6 6 8 14 10 12 . 4 15 16 Robot Miss Streak 9 | 5 4 2 2 2 6 3 3 5 4 4 5 3 3 2 . 9 6 8 Penetration Max 2 | . . . . . . . 1 1 . . 1 1 . . . . 2 1 Secondary Targets 9 | . 1 . . 2 . . . 3 . . . . 2 . . . . 1 Max Gunslinging Chain 1 | . 1 . . 1 . . . 1 . . . . 1 . . . . 1 Capacitor 7 | . . . . . . . . . . . . . . . . . 7 . Shots Hit Robots 1257 | 45 73 26 31 49 174 51 109 116 18 18 58 88 51 34 . 27 202 87 Core Hits 650 | 18 34 13 17 35 82 17 49 48 10 10 82 40 19 14 . 12 129 21 Critical Kills 6 | . . . . . 1 . . . . . 2 3 . . . . . . Critical Parts Destroyed 20 | . 1 . . . . . 2 3 1 . . 9 . 1 . . 2 1 Critical Strikes 52 | . 1 . 1 . 9 3 5 3 1 . 2 12 . 3 . . 2 10 Burn 22 | . . . 1 . 7 3 3 . . . . . . 1 . . . 7 Meltdown 1 | . . . . . 1 . . . . . . . . . . . . . Destroy 22 | . 1 . . . 1 . . 3 1 . 2 12 . 1 . . . 1 Blast 1 | . . . . . . . . . . . . . . 1 . . . . Smash 2 | . . . . . . . 2 . . . . . . . . . . . Impale 2 | . . . . . . . . . . . . . . . . . . 2 Detonate 2 | . . . . . . . . . . . . . . . . . 2 . Melee Attacks 64 | . . 2 6 . 7 1 8 12 . . . 4 . . . 2 . 22 Impact 16 | . . . . . 7 1 8 . . . . . . . . . . . Slashing 16 | . . 2 6 . . . . 2 . . . 4 . . . 2 . . Piercing 22 | . . . . . . . . . . . . . . . . . . 22 Sneak Attacks 13 | . . . . . 1 . . 12 . . . . . . . . . . Combat Hostiles 2 | . . . . . . . . 2 . . . . . . . . . . Follow-up Attacks . | . . . . . . . . . . . . . . . . . . . Damage Inflicted 52638 | 416 632 327 495 1146 3332 971 2484 3316 1113 957 4892 3040 1075 1233 2 1988 22430 2789 Guns 17558 | 416 632 212 304 661 2297 971 1723 2322 175 . 402 2040 1075 392 . 236 1719 1981 Cannons 26487 | . . . . . 972 . 639 89 591 954 1077 663 . 841 . 1662 18999 . Explosions 7077 | . . 115 191 485 . . . 701 347 . 3356 170 . . . . 1712 . Melee 1386 | . . . . . 50 . 122 194 . . . 130 . . . 90 . 800 Ramming 130 | . . . . . 13 . . 10 . 3 57 37 . . 2 . . 8 Kinetic 27712 | 416 632 212 114 447 1429 372 778 1641 94 54 402 1476 198 1023 . 1571 16492 361 Thermal 15765 | . . . 190 204 1840 599 1571 1382 1019 900 1077 1397 877 210 . . 2879 1620 Explosive 4482 | . . 115 191 398 . . . . . . 2251 . . . . . 1527 . Electromagnetic 1387 | . . . . 97 . . 13 89 . . 1105 . . . . . 83 . Impact 172 | . . . . . 50 . 122 . . . . . . . . . . . Slashing 414 | . . . . . . . . 194 . . . 130 . . . 90 . . Piercing 800 | . . . . . . . . . . . . . . . . . . 800 Entropic 1776 | . . . . . . . . . . . . . . . . 327 1449 . Highest Corruption 52 | . 1 1 1 . 9 10 8 8 8 8 52 3 3 3 7 10 19 . Average Corruption 6 | . 1 1 1 . 4 9 4 8 8 3 35 2 3 3 3 7 6 . Corruption Purged 11 | . . . . . . . 3 . . 8 . . . . . . . . Corruption Blocked . | . . . . . . . . . . . . . . . . . . . Effects 424 | . 3 3 11 . 38 65 22 45 13 9 35 9 13 17 3 45 93 . Message Errors 91 | . . 1 3 . 12 15 4 14 3 1 8 2 2 2 2 7 15 . Matter Fused 98 | . 1 . 2 . 11 13 5 8 2 2 10 3 4 5 1 10 21 . Heat Flow Errors 60 | . 1 1 1 . 5 6 5 8 4 . . . 2 2 . 7 18 . Energy Discharges 49 | . . . 1 . 4 9 3 7 1 . 3 1 1 1 . 6 12 . Parts Fused 4 | . . . . . . 2 . . 1 . . . . 1 . . . . Data Loss (minor) 45 | . . . 2 . 4 11 . 1 . 4 2 . 3 3 . 6 9 . Data Loss (major) 23 | . . . 1 . 1 1 . 4 . 2 3 . . . . 4 7 . Misfires 20 | . . 1 . . . 5 2 2 1 . 2 1 1 2 . 3 . . Alerts 7 | . 1 . 1 . 1 . 1 . . . . 1 . . . 2 . . Misdirections 2 | . . . . . . . . . . . 1 . . . . . 1 . Weapon Failures 25 | . . . . . . 3 2 1 1 . 6 1 . 1 . . 10 . Overload Shots . | . . . . . . . . . . . . . . . . . . . Overflow Damage 4781 | . . . . 26 13 . 65 48 . 128 156 29 . 82 . 691 3536 7 Projectiles 4421 | . . . . . 3 . . . . 128 6 4 . 82 . 691 3507 . Explosions 261 | . . . . 26 . . . 48 . . 150 8 . . . . 29 . Melee 99 | . . . . . 10 . 65 . . . . 17 . . . . . 7 Knockbacks 54 | . . . . . 1 . 1 . . . . . . 3 . 2 47 . Impact 2 | . . . . . 1 . 1 . . . . . . . . . . . Kinetic 46 | . . . . . . . . . . . . . . 3 . 2 41 . Secondary 6 | . . . . . . . . . . . . . . . . . 6 . Self-Inflicted Damage 533 | . . 40 23 59 . . . 122 . . 217 59 . . . . 10 3 Shots 14 | . . 1 1 2 . . . 2 . . 6 1 . . . . 1 . Rammed 20 | . . . . . 3 . . 2 . 1 6 2 . . 1 . . 5 Targets Rammed 20 | . . . . . 3 . . 2 . 1 6 2 . . 1 . . 5 Kicked . | . . . . . . . . . . . . . . . . . . . Crushed . | . . . . . . . . . . . . . . . . . . . Highest Temperature 706 | . 242 109 199 204 274 495 446 334 260 158 471 706 421 257 131 518 561 350 Average Temperature 107 | . 34 13 91 58 79 136 87 91 91 56 80 183 151 87 79 142 156 115 Received Heat Transfer 5262 | . 201 78 36 216 603 30 273 582 . 18 523 898 162 84 246 4 815 493 Effects 42 | . . . . . 2 4 3 5 . . 2 13 1 . . 5 7 . Shutdowns 7 | . . . . . . 1 . . . . 1 1 1 . . 2 1 . Energy Bleed 8 | . . . . . . 1 . 4 . . 1 . . . . 1 1 . Interference 13 | . . . . . 2 . 3 1 . . . 4 . . . . 3 . Matter Decay 7 | . . . . . . 1 . . . . . 4 . . . 2 . . Short Circuit 3 | . . . . . . . . . . . . 1 . . . . 2 . Damage (minor) 2 | . . . . . . 1 . . . . . 1 . . . . . . Damage (core) 2 | . . . . . . . . . . . . 2 . . . . . . Siege Activations 3 | . . . . . . . . . . . . 3 . . . . . . Total Turns 54 | . . . . . . . . . . . . 54 . . . . . . Longest Duration 42 | . . . . . . . . . . . . 42 . . . . . . Martial Activations . | . . . . . . . . . . . . . . . . . . . Shielding Activations . | . . . . . . . . . . . . . . . . . . . Robots Disrupted . | . . . . . . . . . . . . . . . . . . . Combat Hostiles . | . . . . . . . . . . . . . . . . . . . Robots Corrupted 9 | . . . . . 1 . 2 . . . 5 . . . . . 1 . Combat Hostiles 2 | . . . . . . . 2 . . . . . . . . . . . Parts Fried 18 | . . . . . . . 2 . . 1 14 . . . . . 1 . Impact Corruptions 6 | . . . . . 1 . 2 . . . . . . . . . 3 . Robots Melted 2 | . . . . . 1 . . . . . 1 . . . . . . . Combat Hostiles 2 | . . . . . 1 . . . . . 1 . . . . . . . Parts Melted 33 | . . . . . 4 5 7 2 . . . 3 3 . . . 3 6 Heat Transferred 19565 | . . . 629 359 4070 1403 2767 1244 287 . 1518 1297 1369 407 . . 1653 2562 Parts Sabotaged 2 | . . . . . . . . . . . . . . . . . 2 . Parts Stolen . | . . . . . . . . . . . . . . . . . . . Parts Stripped . | . . . . . . . . . . . . . . . . . . . Power Chain Reactions 8 | . . . . 2 . . . 4 1 . . 1 . . . . . . Alert | -11 -10 -10 -10 -8 -8 -8 -6 -6 -6 -6 -6 -5 -5 -5 -5 -4 -4 -3 ------- Run | Yrd Mat Min Sub Mat Sto Rec Fac Ext Cet Arc Hub Fac Upp Upp War Pro Fac Res Maximum Alert Level 5 | . . . . 1 3 1 1 2 1 1 3 2 . . . . 5 3 Low Security (%) 47 | 100 100 100 . 81 26 81 59 78 . 31 6 . . . . . 34 . Level 1 15 | . . . . 18 25 18 40 10 100 68 . 12 . . . . 3 . Level 2 16 | . . . . . 29 . . 10 . . 17 87 . . . . 15 38 Level 3 11 | . . . . . 17 . . . . . 75 . . . . . 8 61 Level 4 5 | . . . . . . . . . . . . . . . . . 25 . Level 5 2 | . . . . . . . . . . . . . . . . . 12 . High Security . | . . . . . . . . . . . . . . . . . . . Max Security . | . . . . . . . . . . . . . . . . . . . Peak Influence 2064 | 5 62 76 . 323 820 345 309 513 396 312 906 604 . . . . 2064 1074 Initial 1074 | . . 13 . . 122 315 300 70 281 142 58 436 . . . . 150 1074 Average 414 | . 18 14 . 146 430 88 198 153 311 230 746 497 . . . . 831 785 Influence Increases 10808 | 40 366 173 . 537 1437 204 803 1095 365 235 1202 559 130 160 15 280 3015 192 Destroy 0b10 Robot/C 5540 | . 200 120 . 300 860 20 320 620 160 80 380 260 120 140 . 220 1640 100 Destroy 0b10 Robot/NC 520 | 40 20 . . 5 35 10 45 25 10 20 80 30 . . . 30 155 15 Destroy Leader 1088 | . 66 20 . 72 224 . 88 74 . . 68 56 10 20 . 30 328 32 Allied During Kill 625 | . . . . . . . 16 252 135 100 122 . . . . . . . Trap Triggered on 0b10 30 | . . . . . 30 . . . . . . . . . . . . . Successful Hack 188 | . 20 7 . 18 51 23 . 27 . . . 28 . . . . 14 . Select Force Hacks 270 | . 60 . . . 60 120 . . . . . . . . . . . 30 Disable Machine 825 | . . . . 60 75 30 30 . 15 30 300 60 . . . . 225 . Destroy Structure 732 | . . 26 . 67 27 1 4 37 30 5 177 50 . . . . 308 . Advance Influence 450 | . . . . . . . 300 . . . . . . . . . 150 . Partial Spotted 15 | . . . . 15 . . . . . . . . . . . . . . Lose Combat Pursuer 525 | . . . . . 75 . . 60 15 . 75 75 . . 15 . 195 15 Influence Decreases 10132 | 40 332 207 . 246 919 1013 660 735 512 424 479 926 612 135 76 285 968 1563 Entered New Map 3003 | . . 21 . . 169 494 . 73 222 214 109 454 194 9 66 5 . 973 Time Decay 5889 | 40 322 152 . 186 640 479 530 456 190 190 270 422 398 126 . 250 748 490 Lost Part 824 | . 10 34 . 60 50 20 80 40 20 . 80 50 20 . 10 30 220 100 Lost Ally 416 | . . . . . 60 20 50 166 80 20 20 . . . . . . . Squads Dispatched 76 | . 4 . . 4 9 . 8 4 . . 5 5 . . . . 26 11 Investigation 16 | . 3 . . 1 2 . 1 2 . . 1 . . . . . 1 5 Extermination 11 | . . . . . . . 2 . . . 1 1 . . . . 7 . Reinforcement 29 | . 1 . . 2 2 . 5 2 . . 2 3 . . . . 6 6 Assault 13 | . . . . . 2 . . . . . 1 1 . . . . 9 . Garrison 7 | . . . . 1 3 . . . . . . . . . . . 3 . Intercept . | . . . . . . . . . . . . . . . . . . . Searches Triggered . | . . . . . . . . . . . . . . . . . . . Construction Impeded 7 | . . . . 1 . . 2 1 . . 1 1 . . . . 1 . Haulers Reinforced 6 | . . . . . . . 1 . . . . 1 . . . . 2 2 Active Scanning Responses . | . . . . . . . . . . . . . . . . . . . Cargo Convoy Interrupts 1 | . . . . . . . . . . . . . . . . . 1 . Stealth | -11 -10 -10 -10 -8 -8 -8 -6 -6 -6 -6 -6 -5 -5 -5 -5 -4 -4 -3 --------- Run | Yrd Mat Min Sub Mat Sto Rec Fac Ext Cet Arc Hub Fac Upp Upp War Pro Fac Res Distress Signals 25 | . 1 . . . 2 2 . 2 2 . 2 1 . . 1 . 4 8 Communications Jammed 7 | . . . . . . . . . . . . 1 . . . 1 5 . Distress Signals 5 | . . . . . . . . . . . . . . . . . 5 . Times Spotted 449 | . 16 7 3 15 54 11 22 36 9 14 30 22 6 7 20 15 136 26 Peak Tracking Total 20 | . 4 3 2 7 7 1 5 5 5 1 10 5 2 4 19 4 20 7 Tactical Retreats 26 | . . . . . 4 . . 3 1 . 5 4 . . 1 . 7 1 Traps | -11 -10 -10 -10 -8 -8 -8 -6 -6 -6 -6 -6 -5 -5 -5 -5 -4 -4 -3 ------- Run | Yrd Mat Min Sub Mat Sto Rec Fac Ext Cet Arc Hub Fac Upp Upp War Pro Fac Res Traps Triggered 19 | . 2 . . . 7 . 2 1 . . 1 . . . . . 5 1 Indirectly . | . . . . . . . . . . . . . . . . . . . Trap Hack Attempts 2 | . . . . . . . . 2 . . . . . . . . . . Triggered . | . . . . . . . . . . . . . . . . . . . Disarmed . | . . . . . . . . . . . . . . . . . . . Reprogrammed 7 | . . . . . 6 . . 1 . . . . . . . . . . Reused 3 | . . . . . 3 . . . . . . . . . . . . . Traps Extracted . | . . . . . . . . . . . . . . . . . . . Installed . | . . . . . . . . . . . . . . . . . . . Triggered 3 | . . . . . 3 . . . . . . . . . . . . . Machines | -11 -10 -10 -10 -8 -8 -8 -6 -6 -6 -6 -6 -5 -5 -5 -5 -4 -4 -3 ---------- Run | Yrd Mat Min Sub Mat Sto Rec Fac Ext Cet Arc Hub Fac Upp Upp War Pro Fac Res Machines Disabled 58 | . . . 1 4 5 2 2 . 2 2 20 4 . . 1 . 15 . Max in Single Turn 16 | . . . 1 2 1 1 1 . 1 1 16 1 . . 1 . 1 . Garrison Access 3 | . . . . 1 . . . . . . 1 1 . . . . . . Network Hub 1 | . . . . . . . . . . . 1 . . . . . . . Machines Repaired . | . . . . . . . . . . . . . . . . . . . Machines Dismantled . | . . . . . . . . . . . . . . . . . . . Machines Sabotaged . | . . . . . . . . . . . . . . . . . . . Overloaded Fab Kills . | . . . . . . . . . . . . . . . . . . . Hacking | -11 -10 -10 -10 -8 -8 -8 -6 -6 -6 -6 -6 -5 -5 -5 -5 -4 -4 -3 --------- Run | Yrd Mat Min Sub Mat Sto Rec Fac Ext Cet Arc Hub Fac Upp Upp War Pro Fac Res Machines Accessed 81 | . 9 1 2 3 12 12 4 12 1 . 2 3 . 1 6 . 10 3 Terminals 49 | . 7 1 . 2 9 6 3 11 1 . 1 2 . . . . 5 1 Fabricators 3 | . . . . . . . 1 . . . . . . . . . 1 1 Repair Stations 1 | . . . . . 1 . . . . . . . . . . . . . Recycling Units 14 | . 2 . . . 2 5 . 1 . . . . . . . . 3 1 Scanalyzers 1 | . . . . . . . . . . . . . . . . . 1 . Garrison Access 3 | . . . . 1 . . . . . . 1 1 . . . . . . Total Hacks 198 | . 23 1 5 10 33 32 7 29 2 . 4 7 . 1 9 . 27 8 Successful 102 | . 16 1 5 5 21 20 1 11 . . 1 3 . 1 9 . 6 2 Failed 96 | . 7 . . 5 12 12 6 18 2 . 3 4 . . . . 21 6 Catastrophic 28 | . . . . 1 2 . 3 10 1 . 2 1 . . . . 6 2 Database Lockouts . | . . . . . . . . . . . . . . . . . . . Manual 101 | . 21 1 . 7 18 18 6 13 1 . . 3 . . . . 6 7 Terminals 127 | . 18 1 . 9 25 16 5 27 2 . 2 5 . . . . 13 4 Fabricators 6 | . . . . . . . 2 . . . . . . . . . 3 1 Repair Stations 2 | . . . . . 2 . . . . . . . . . . . . . Recycling Units 38 | . 5 . . . 6 13 . 2 . . . . . . . . 9 3 Scanalyzers 2 | . . . . . . . . . . . . . . . . . 2 . Garrison Access 5 | . . . . 1 . . . . . . 2 2 . . . . . . Terminal Hacks 44 | . 4 1 5 2 9 4 1 7 . . . 1 . 1 9 . . . Record 13 | . . . 4 . . 1 . . . . . . . . 8 . . . Part Schematic 1 | . . 1 . . . . . . . . . . . . . . . . Robot Analysis 2 | . 2 . . . . . . . . . . . . . . . . . Prototype ID Bank 1 | . 1 . . . . . . . . . . . . . . . . . Open Door 11 | . . . . . 4 . 1 4 . . . . . 1 1 . . . Terminal Index 4 | . . . . 1 1 1 . . . . . 1 . . . . . . Alert Level 2 | . . . . . 1 . . 1 . . . . . . . . . . Reprogram Traps 1 | . . . . . 1 . . . . . . . . . . . . . Recall Investigation 1 | . . . . . . . . 1 . . . . . . . . . . Recall Reinforcements 1 | . . . . . . . . 1 . . . . . . . . . . Hauler Manifests 2 | . 1 . . . 1 . . . . . . . . . . . . . Registered Components 1 | . . . . 1 . . . . . . . . . . . . . . Zone Layout 1 | . . . . . 1 . . . . . . . . . . . . . Proto ID Catalog 1 | . . . 1 . . . . . . . . . . . . . . . Release Object 2 | . . . . . . 2 . . . . . . . . . . . . Fabricator Hacks 1 | . . . . . . . . . . . . . . . . . 1 . Build 1 | . . . . . . . . . . . . . . . . . 1 . Repair Station Hacks 2 | . . . . . 2 . . . . . . . . . . . . . Scan Component 1 | . . . . . 1 . . . . . . . . . . . . . Repair 1 | . . . . . 1 . . . . . . . . . . . . . Recycling Unit Hacks 14 | . 2 . . . 2 5 . 1 . . . . . . . . 4 . Report Inventory 13 | . 2 . . . 2 5 . 1 . . . . . . . . 3 . Retrieve Components 1 | . . . . . . . . . . . . . . . . . 1 . Scanalyzer . | . . . . . . . . . . . . . . . . . . . Garrison Access Hacks 3 | . . . . 1 . . . . . . 1 1 . . . . . . Seal Access 3 | . . . . 1 . . . . . . 1 1 . . . . . . Unauthorized Hacks 37 | . 9 . . 2 8 11 . 3 . . . 1 . . . . 1 2 Terminals 28 | . 7 . . 2 6 7 . 3 . . . 1 . . . . 1 1 Botnet 12 | . 1 . . 1 2 2 . 3 . . . 1 . . . . 1 1 Skim 16 | . 6 . . 1 4 5 . . . . . . . . . . . . Fabricators . | . . . . . . . . . . . . . . . . . . . Repair Stations . | . . . . . . . . . . . . . . . . . . . Recycling Units 9 | . 2 . . . 2 4 . . . . . . . . . . . 1 Tunnel 9 | . 2 . . . 2 4 . . . . . . . . . . . 1 Scanalyzers . | . . . . . . . . . . . . . . . . . . . Garrison Access . | . . . . . . . . . . . . . . . . . . . Data Cores Recovered 1 | . . . . . . . . 1 . . . . . . . . . . Used . | . . . . . . . . . . . . . . . . . . . Hacking Detections 50 | . 7 1 . 2 6 8 3 9 1 . 2 2 . . . . 6 3 Full Trace Events 8 | . . . . 1 . 2 1 1 . . 1 . . . . . 1 1 Feedback Events 1 | . . . . . . . . . . . . . . . . . 1 . Corruption 1 | . . . . . . . . . . . . . . . . . 1 . Feedback Blocked . | . . . . . . . . . . . . . . . . . . . Robot Schematics Acquired . | . . . . . . . . . . . . . . . . . . . Robots Built . | . . . . . . . . . . . . . . . . . . . Authchips . | . . . . . . . . . . . . . . . . . . . Time . | . . . . . . . . . . . . . . . . . . . Total Robot Build Rating . | . . . . . . . . . . . . . . . . . . . Part Schematics Acquired 1 | . . 1 . . . . . . . . . . . . . . . . Parts Built . | . . . . . . . . . . . . . . . . . . . Authchips . | . . . . . . . . . . . . . . . . . . . Time 128 | . . . . . . . . . . . . . . . . . 128 . Total Part Build Rating . | . . . . . . . . . . . . . . . . . . . Parts Repaired 1 | . . . . . 1 . . . . . . . . . . . . . Time 38 | . . . . . 38 . . . . . . . . . . . . . Parts Recycled . | . . . . . . . . . . . . . . . . . . . Recycled Matter . | . . . . . . . . . . . . . . . . . . . Retrieved Matter . | . . . . . . . . . . . . . . . . . . . Retrieved Components 2 | . . . . . . . . . . . . . . . . . 2 . Parts Scanalyzed . | . . . . . . . . . . . . . . . . . . . Part Schematics Acquired . | . . . . . . . . . . . . . . . . . . . Parts Damaged . | . . . . . . . . . . . . . . . . . . . Bothacking | -11 -10 -10 -10 -8 -8 -8 -6 -6 -6 -6 -6 -5 -5 -5 -5 -4 -4 -3 ------------ Run | Yrd Mat Min Sub Mat Sto Rec Fac Ext Cet Arc Hub Fac Upp Upp War Pro Fac Res Used RIF Installer . | . . . . . . . . . . . . . . . . . . . Robots Hacked 1 | . . . . . . . . 1 . . . . . . . . . . Non-combat 1 | . . . . . . . . 1 . . . . . . . . . . Combat . | . . . . . . . . . . . . . . . . . . . Robot Hacks Applied 1 | . . . . . . . . 1 . . . . . . . . . . find_recycling 1 | . . . . . . . . 1 . . . . . . . . . . Relay Couplers Released 1 | . . . . . . . . . . . 1 . . . . . . . Machine Destruction 1 | . . . . . . . . . . . 1 . . . . . . . Fabnet Peak Effective % . | . . . . . . . . . . . . . . . . . . . Robots Rewired 29 | . . . . . . 7 . 18 . . . . . . 4 . . . Allies Hacked 1 | . . . . . . . . . . . . . . . 1 . . . Hacks Repelled . | . . . . . . . . . . . . . . . . . . . Allies | -11 -10 -10 -10 -8 -8 -8 -6 -6 -6 -6 -6 -5 -5 -5 -5 -4 -4 -3 -------- Run | Yrd Mat Min Sub Mat Sto Rec Fac Ext Cet Arc Hub Fac Upp Upp War Pro Fac Res Total Allies 38 | . . . . . . 7 . 22 5 . . . . . 4 . . . Largest Group 11 | . . . . . . 6 6 10 11 10 7 . . . 4 . . . Highest-Rated Group 785 | . . . . . . 81 81 419 785 760 493 . . . 256 . . . Highest-Rated Ally 159 | . . . . . . 27 27 159 137 137 96 . . . 64 . . . Total Orders 5 | . . . . . 5 . . . . . . . . . . . . . EXPLORE 4 | . . . . . 4 . . . . . . . . . . . . . RETURN 1 | . . . . . 1 . . . . . . . . . . . . . Ally Attacks 248 | . . . . . . 2 3 154 50 19 20 . . . . . . . Total Damage 5243 | . . . . . . 26 67 3062 1133 563 392 . . . . . . . Kills 43 | . . . . . . 1 1 24 9 4 4 . . . . . . . Allies Corrupted 8 | . . . . . 1 . 1 . . . 6 . . . . . . . Allies Melted 2 | . . . . . . . . . . . . . . . 2 . . . Intel | -11 -10 -10 -10 -8 -8 -8 -6 -6 -6 -6 -6 -5 -5 -5 -5 -4 -4 -3 ------- Run | Yrd Mat Min Sub Mat Sto Rec Fac Ext Cet Arc Hub Fac Upp Upp War Pro Fac Res Active Infowar (turns) 9354 | 168 695 . . 521 1606 185 . . . . . 226 952 695 1365 861 2080 . Optics 782 | . . . . 173 . 1 . . . . . . . . . . 608 . Structural 3006 | . . . . 179 340 . . . . . . . 674 448 1365 . . . Seismic 3172 | 168 695 . . 519 1606 184 . . . . . . . . . . . . Jamming 4123 | . . . . . . . . . . . . 226 952 541 . 861 1543 . ECM 4 | . . . . 2 . . . . . . . . . . . . 2 . Robot Analysis Total 2 | . 2 . . . . . . . . . . . . . . . . . Derelict Logs Recovered 4 | . . 1 1 . . . . . . . . . 1 . . 1 . . Drone Launches 8 | . . . . . 8 . . . . . . . . . . . . . Drone Recoveries . | . . . . . . . . . . . . . . . . . . . Exploration | -11 -10 -10 -10 -8 -8 -8 -6 -6 -6 -6 -6 -5 -5 -5 -5 -4 -4 -3 ------------- Run | Yrd Mat Min Sub Mat Sto Rec Fac Ext Cet Arc Hub Fac Upp Upp War Pro Fac Res Turns Passed 22804 | 310 1545 728 981 522 2281 1684 1498 1216 394 397 589 1027 952 724 1415 1242 4008 1291 Spaces Moved 9911 | 125 723 325 507 207 791 925 738 512 197 152 292 411 421 381 779 278 1356 791 Core 172 | 4 . . . . . . . . . . . . . . . . 28 140 Treads 3916 | 121 244 . . . 141 . 430 259 158 152 292 411 421 381 441 94 347 24 Legs 535 | . . . . . . . . . . . . . . . . 3 7 525 Wheels 5006 | . 479 325 507 207 650 925 308 253 39 . . . . . 338 . 949 26 Hover 76 | . . . . . . . . . . . . . . . . . . 76 Flight 206 | . . . . . . . . . . . . . . . . 181 25 . Fastest Speed 50 | 50 160 175 175 145 140 140 120 118 98 98 135 135 137 143 143 326 50 50 Average Speed 179 | 156 186 199 175 164 175 162 152 155 110 151 135 162 204 153 170 396 229 132 Slowest Speed 540 | 160 200 215 175 190 400 170 253 185 160 240 135 240 209 217 240 540 368 300 Overloaded Moves . | . . . . . . . . . . . . . . . . . . . Propulsion Burnouts . | . . . . . . . . . . . . . . . . . . . Robots Hopped . | . . . . . . . . . . . . . . . . . . . Potential Cave-ins 2 | . . . . . . . . . . . . . . . . . 2 . Cave-ins Triggered . | . . . . . . . . . . . . . . . . . . . Exploration Rate (%) 54 | 7 97 66 38 20 94 99 21 76 66 76 37 9 67 56 90 45 41 23 Regions Visited 18 Branch Regions 12 Pre-discovered Areas 12 | . 2 . 1 . 2 6 . . . . . . . . . . . 1 Known Exits Taken 5 | . . 1 . . . . 1 . . . 1 1 . . . . 1 . Unknown Exits Taken 13 | 1 1 . 1 1 1 1 . 1 1 1 . . 1 1 1 1 . . Scrap Searched 8 | . . 1 5 . . . . . . . . . . 2 . . . . Spaces Dug 24 | . . . . . 3 1 1 . . . . . . . . . 19 . Terrain Destroyed 651 | . . 30 14 98 25 1 2 16 17 5 217 37 5 11 . 11 161 1 Melee 5 | . . . . . 3 1 1 . . . . . . . . . . . Projectile 223 | . . . . . . . 1 5 3 5 18 30 5 11 . 11 133 1 AOE 423 | . . 30 14 98 22 . . 11 14 . 199 7 . . . . 28 . Terrain Rammed . | . . . . . . . . . . . . . . . . . . . Walls Destroyed . | . . . . . . . . . . . . . . . . . . . Machines Disabled . | . . . . . . . . . . . . . . . . . . . Actions | -11 -10 -10 -10 -8 -8 -8 -6 -6 -6 -6 -6 -5 -5 -5 -5 -4 -4 -3 --------- Run | Yrd Mat Min Sub Mat Sto Rec Fac Ext Cet Arc Hub Fac Upp Upp War Pro Fac Res Total 13358 | 176 827 363 551 343 1466 1056 976 820 355 296 383 679 468 489 867 360 1966 917 Wait 1274 | . 30 4 . 68 445 31 81 73 107 92 6 158 13 56 5 5 92 8 Move 9893 | 124 722 324 506 206 790 924 737 511 196 151 291 410 420 380 778 277 1355 791 Hop . | . . . . . . . . . . . . . . . . . . . Pick Up 209 | 6 9 2 12 14 29 9 21 6 5 8 4 15 2 5 6 4 47 5 Fast Attach 118 | 7 . . . 2 14 1 11 9 5 2 1 4 . 3 6 2 24 27 Attach 121 | . 1 5 1 9 10 4 11 5 4 1 7 13 2 3 4 6 30 5 Detach 75 | . . . . . 1 2 8 8 4 2 . 10 1 5 4 3 25 2 Swap 174 | . 4 1 5 7 36 7 14 3 3 6 9 6 8 3 9 5 37 11 Drop 225 | 1 3 . . 9 28 12 28 15 10 8 . 8 1 8 14 3 64 13 Fire 968 | 38 58 25 21 28 99 24 57 54 21 25 59 49 21 25 1 52 283 28 Melee 64 | . . 2 6 . 7 1 8 12 . . . 4 . . . 2 . 22 Ram 6 | . . . . . . . . 1 . . . . . . . . . 5 Kick . | . . . . . . . . . . . . . . . . . . . Crush 14 | . . . . . 3 . . 1 . 1 6 2 . . 1 . . . Escape Stasis 17 | . . . . . . . . 8 . . . . . . . . 9 . Rewire 194 | . . . . . . 41 . 112 . . . . . 1 39 1 . . Trap 2 | . . . . . . . . 2 . . . . . . . . . . Miscellaneous 4 | . . . . . 4 . . . . . . . . . . . . . Route ------- -11/Scrapyard -10/Materials (discovered 6 exits: *Mat x3 / *Min x2 / Sub) -10/Mines (discovered 4 exits: *Mat x2 / Exi / *Sub) -10/Subcaves -8/Materials (discovered 2 exits: Fac / *Sto) -8/Storage (discovered 2 exits: *Fac / *Rec) -8/Recycling -6/Factory (discovered 6 exits: *Fac x3 / Low / *Ext x2) -6/Extension (discovered 2 exits: *Fac / *Cet) -6/Cetus (discovered 2 exits: *Fac / [*Arc]) -6/Archives (discovered 3 exits: *Fac / *Hub x2) -6/Hub_04(d) -5/Factory -5/Upper Caves -5/Upper Caves (discovered 2 exits: *Fac / *War) -5/Warlord -4/Proximity Caves -4/Factory (discovered 3 exits: *Res x3) -3/Research (discovered 2 exits: Res / Qua) History --------- Turn | Location | Event 5 | -11/Scrapyard | Discovered new exit (range 16) 311 | -11/Scrapyard | Entered Materials 312 | -10/Materials | Build established: Mutant 531 | -10/Materials | Discovered new exit (range 7) 547 | -10/Materials | Discovered new exit (range 15) 749 | -10/Materials | Discovered new exit (range 10) 1541 | -10/Materials | Discovered new exit (range 6) 1666 | -10/Materials | Learned 4 Recycling zone layouts 1715 | -10/Materials | Learned location of 2 exits from Mines 1752 | -10/Materials | Identified exit to Materials 1794 | -10/Materials | Identified exit to Subcaves 1794 | -10/Materials | Learned location of 1 exit from Materials 1799 | -10/Materials | Learned 2 Mines zone layouts 1813 | -10/Materials | Learned 4 Recycling zone layouts 1856 | -10/Materials | Entered Mines 1858 | -10/Mines | Identified exit to Exiles 1896 | -10/Mines | Learned Materials security intel 2428 | -10/Mines | Lost 3 parts (1p2w) 2479 | -10/Mines | Assembled infested the area 2584 | -10/Mines | Entered Subcaves 2656 | -10/Subcaves | Visited Clippyterm 2661 | -10/Subcaves | Learned Research security intel 2749 | -10/Subcaves | Learned Materials emergency access door positions 2759 | -10/Subcaves | Core integrity fell below 50% 2803 | -10/Subcaves | Visited 4L-MR0's lab 2819 | -10/Subcaves | Found Prototype Energy Cannon 2826 | -10/Subcaves | Identified Powered Cannon 2888 | -10/Subcaves | Learned location of Zion (-6) 2888 | -10/Subcaves | Met a Zionite searching for "candidates" 2963 | -10/Subcaves | Shifting Twisted Machinery released Sub. Optics 3112 | -10/Subcaves | Shifting Twisted Machinery released Spk. Treads 3295 | -10/Subcaves | Discovered new exit (range 13) 3565 | -10/Subcaves | Entered Materials 3565 | -8/Materials | Evolved 4 slots: Propulsion x1, Utility x2, Weapon x1 3566 | -8/Materials | Identified exit to Factory 3988 | -8/Materials | Garrison activated, responded to threat 4003 | -8/Materials | Discovered new exit (range 14) 4087 | -8/Materials | Entered Storage 4744 | -8/Storage | Build established: Scavenger-Tank 5205 | -8/Storage | Garrison activated, responded to threat 5287 | -8/Storage | First assault squad dispatched 5309 | -8/Storage | Discovered exit to Factory (range 15) 5515 | -8/Storage | Repaired Hrd. Medium Armor Plating 5576 | -8/Storage | Build established: Tank 5980 | -8/Storage | Lost 4 allies 6098 | -8/Storage | Build established: Mutant 6362 | -8/Storage | Used back door to open Recycling access 6362 | -8/Storage | Discovered new exit (range 4) 6368 | -8/Storage | Entered Recycling 6530 | -8/Recycling | System corruption reached 10% 6698 | -8/Recycling | Build established: Tank 6765 | -8/Recycling | Core integrity fell below 50% 6872 | -8/Recycling | Discovered new exit (range 15) 7434 | -8/Recycling | Build established: Commander-Tank 7553 | -8/Recycling | Entered Scraplab 7559 | -8/Recycling | Found Prototype Device 7559 | -8/Recycling | Identified Scrap Engine 7564 | -8/Recycling | Learned Factory terminal intel 7607 | -8/Recycling | Learned Factory emergency access door positions 7641 | -8/Recycling | Learned location of 2 exits from Factory 7684 | -8/Recycling | Learned Factory scanalyzer intel 7796 | -8/Recycling | Learned 12 Factory zone layouts 7808 | -8/Recycling | Build established: Commander-Mutant 8052 | -8/Recycling | Entered Factory 8052 | -6/Factory | Accompanied by 6 allies 8052 | -6/Factory | Evolved 4 slots: Power x1, Propulsion x1, Utility x1, Weapon x1 8053 | -6/Factory | Identified exit to Factory 8054 | -6/Factory | Identified exit to Lower Caves 8054 | -6/Factory | Identified exit to Extension 8057 | -6/Factory | Loaded intel: 27 terminal locations 8058 | -6/Factory | Loaded intel: 4 scanalyzer locations 8424 | -6/Factory | Build established: Commander-Tank 8809 | -6/Factory | Lost 4 allies 8888 | -6/Factory | Build established: Scavenger-Tank 9235 | -6/Factory | Lost 6 parts (2n2u2w) 9550 | -6/Factory | Entered Extension 9997 | -6/Extension | Rescued a captive Derelict 10017 | -6/Extension | Rescued a captive Derelict 10105 | -6/Extension | Build established: Commander-Tank 10139 | -6/Extension | Spotted B-75 Beast 10149 | -6/Extension | Spotted B-75 Beast 10184 | -6/Extension | Allies destroyed B-75 Beast 10188 | -6/Extension | Allies destroyed B-75 Beast 10200 | -6/Extension | Disrupted transfer network 10205 | -6/Extension | Lost 4 allies 10299 | -6/Extension | Rescued A7 10323 | -6/Extension | Lost 5 allies 10519 | -6/Extension | Build established: Scavenger-Tank 10693 | -6/Extension | Rescued a captive Derelict 10734 | -6/Extension | Discovered exit to Factory (range 10) 10736 | -6/Extension | Discovered new exit (range 6) 10766 | -6/Extension | Entered Cetus 10766 | -6/Cetus | Accompanied by 9 allies (A7) 10771 | -6/Cetus | Acquired a Cetus Manufacturing Module code from A7 10794 | -6/Cetus | Spotted Cetus Guard 10794 | -6/Cetus | Spotted Cetus Guard 10798 | -6/Cetus | Spotted Cetus Guard 10799 | -6/Cetus | Spotted Cetus Guard 10809 | -6/Cetus | Allies destroyed Cetus Guard 10812 | -6/Cetus | Allies destroyed Cetus Guard 10815 | -6/Cetus | Allies destroyed Cetus Guard 10846 | -6/Cetus | Lost 3 allies 10915 | -6/Cetus | Started Cetus Manufacturing Module 10926 | -6/Cetus | Attached Powered Cannon, gained temporary slot: Power 10932 | -6/Cetus | Escorted A7 to Cetus Mainframe 10940 | -6/Cetus | Manufactured an Enhanced Grunt 10965 | -6/Cetus | Manufactured an Enhanced Grunt 10990 | -6/Cetus | Manufactured an Enhanced Grunt 11015 | -6/Cetus | Manufactured an Enhanced Grunt 11022 | -6/Cetus | Discovered new exit (range 16) 11038 | -6/Cetus | Spotted Cetus Guard 11040 | -6/Cetus | Manufactured an Enhanced Grunt 11041 | -6/Cetus | Allies destroyed Cetus Guard 11041 | -6/Cetus | Spotted Cetus Guard 11041 | -6/Cetus | Spotted Cetus Guard 11048 | -6/Cetus | Spotted Cetus Guard 11057 | -6/Cetus | Allies destroyed Cetus Guard 11057 | -6/Cetus | Destroyed Cetus Guard 11069 | -6/Cetus | Allies destroyed Cetus Guard 11073 | -6/Cetus | Discovered exit to Factory (range 15) 11078 | -6/Cetus | Met Revision 17 11160 | -6/Cetus | Entered Archives 11160 | -6/Archives | Accompanied by 10 allies (A7) 11165 | -6/Archives | Received a hacking code to weaken MAIN.C 11165 | -6/Archives | Murdered A7 11170 | -6/Archives | Extracted ID and sensor layout for unrecognized location from A7's data core 11172 | -6/Archives | Found Prototype Protection 11172 | -6/Archives | Identified Med. Regenerative Plating 11243 | -6/Archives | Found Prototype Device 11243 | -6/Archives | Identified Exp. Thermal Shield 11260 | -6/Archives | Discovered exit to Factory (range 16) 11282 | -6/Archives | Discovered new exit (range 15) 11467 | -6/Archives | Build established: Commander-Construct 11515 | -6/Archives | Discovered new exit (range 15) 11557 | -6/Archives | Entered Hub_04(d) 11557 | -6/Hub_04(d) | Accompanied by 7 allies 11594 | -6/Hub_04(d) | Network Hub disabled 11609 | -6/Hub_04(d) | Spotted Lightning 11613 | -6/Hub_04(d) | Spotted Lightning 11614 | -6/Hub_04(d) | Spotted Lightning 11633 | -6/Hub_04(d) | Core integrity fell below 50% 11644 | -6/Hub_04(d) | System corruption reached 10% 11650 | -6/Hub_04(d) | Lost 7 allies 11714 | -6/Hub_04(d) | System corruption reached 30% 11714 | -6/Hub_04(d) | Destroyed Lightning 11742 | -6/Hub_04(d) | Destroyed Lightning 11755 | -6/Hub_04(d) | Destroyed Lightning 11907 | -6/Hub_04(d) | First assault squad dispatched 11983 | -6/Hub_04(d) | Build established: Scavenger-Tank 12044 | -6/Hub_04(d) | Lost 4 parts (1n3w) 12120 | -6/Hub_04(d) | Discovered exit to Factory (range 10) 12137 | -6/Hub_04(d) | Core integrity fell below 20% 12146 | -6/Hub_04(d) | Entered Factory 12146 | -5/Factory | Evolved 2 slots: Utility x2 12746 | -5/Factory | First assault squad dispatched 12811 | -5/Factory | Lost 3 parts (1p1u1w) 13121 | -5/Factory | Discovered new exit (range 12) 13172 | -5/Factory | Identified exit to Upper Caves 13173 | -5/Factory | Entered Upper Caves 13206 | -5/Upper Caves | Attracted the attention of an 0b10 outpost 13729 | -5/Upper Caves | Build established: Scavenger-Skirmisher 13729 | -5/Upper Caves | Learned location of 2 exits from Factory 13934 | -5/Upper Caves | Core integrity fell below 50% 14106 | -5/Upper Caves | Discovered new exit (range 9) 14125 | -5/Upper Caves | Entered another Upper Caves area 14142 | -5/Upper Caves | Discovered new exit (range 15) 14167 | -5/Upper Caves | Attracted the attention of an 0b10 checkpoint 14694 | -5/Upper Caves | Spotted B-75 Beast 14715 | -5/Upper Caves | Destroyed B-75 Beast 14770 | -5/Upper Caves | Discovered new exit (range 15) 14849 | -5/Upper Caves | Entered Warlord 14897 | -5/Warlord | System corruption cleaned by Quarantine Array 14994 | -5/Warlord | Found Prototype Device 14994 | -5/Warlord | Identified Minesniffer Drone Bay 15253 | -5/Warlord | Met Warlord 15278 | -5/Warlord | Warlord's base attacked by MAIN.C 15433 | -5/Warlord | Build established: Scavenger-Construct 15439 | -5/Warlord | Found Prototype Device 15439 | -5/Warlord | Identified System Purifier 15464 | -5/Warlord | Found Prototype Processor 15473 | -5/Warlord | Found Prototype Processor 15484 | -5/Warlord | Found Prototype Reactor 15628 | -5/Warlord | Warlord forces counterattacked 15698 | -5/Warlord | Learned Armory fabricator intel 15698 | -5/Warlord | Learned 4 Research zone layouts 15698 | -5/Warlord | Learned 4 Command zone layouts 15702 | -5/Warlord | Learned Testing emergency access door positions 15858 | -5/Warlord | Found Prototype Energy Gun 15858 | -5/Warlord | Identified Vortex Rifle 15867 | -5/Warlord | Found Prototype Energy Gun 15867 | -5/Warlord | Identified Vortex Shotgun 15887 | -5/Warlord | Found Vortex Shotgun 15953 | -5/Warlord | Warlord base infiltrated, sounded retreat 16214 | -5/Warlord | Spotted Striker 16214 | -5/Warlord | Spotted Striker 16214 | -5/Warlord | Spotted Striker 16225 | -5/Warlord | P-70 Sage assimilated allied Archangel 6a 16229 | -5/Warlord | Discovered new exit (range 16) 16264 | -5/Warlord | Entered Proximity Caves 16264 | -4/Proximity Caves | Identified Vortex Chain Reactor 16267 | -4/Proximity Caves | Lost 5 allies 16297 | -4/Proximity Caves | Lost 9 parts (2p4n3u) 16304 | -4/Proximity Caves | Learned Research interactive machine intel 16332 | -4/Proximity Caves | Spotter reported a threat 16386 | -4/Proximity Caves | Identified Exp. Core Analyzer 16392 | -4/Proximity Caves | Core integrity fell below 20% 16673 | -4/Proximity Caves | Build established: Tank 17227 | -4/Proximity Caves | System corruption reached 10% 17231 | -4/Proximity Caves | Identified Exp. Targeting Computer 17488 | -4/Proximity Caves | Discovered new exit (range 5) 17506 | -4/Proximity Caves | Entered Factory 17506 | -4/Factory | Evolved 2 slots: Utility x2 17507 | -4/Factory | Identified exit to Research 17529 | -4/Factory | Build established: Gunner 18489 | -4/Factory | Cargo convoy interrupted 18879 | -4/Factory | Build established: Tank 18943 | -4/Factory | Spotted B-86 Titan 18980 | -4/Factory | Destroyed B-86 Titan 19004 | -4/Factory | Destroyed 8 combat bots 19506 | -4/Factory | First assault squad dispatched 19543 | -4/Factory | Spotted B-86 Titan 19607 | -4/Factory | Garrison activated, responded to threat 19840 | -4/Factory | Build established: Construct 19984 | -4/Factory | System corruption reached 10% 20261 | -4/Factory | Found Prototype Device 20261 | -4/Factory | Identified Exp. ECM Suite 20422 | -4/Factory | Found Quantum Capacitor 21070 | -4/Factory | Discovered exit to Research (range 15) 21212 | -4/Factory | Lost 10 parts (1p2n6u1w) 21221 | -4/Factory | Destroyed 10 combat bots 21364 | -4/Factory | Found Unknown Device 21364 | -4/Factory | Identified Launcher Loader 21413 | -4/Factory | Build established: Mutant 21479 | -4/Factory | Core integrity fell below 50% 21514 | -4/Factory | Entered Research 21514 | -3/Research | Evolved 2 slots: Propulsion x1, Utility x1 21515 | -3/Research | Identified exit to Quarantine 21516 | -3/Research | Identified exit to Research 21518 | -3/Research | Loaded intel: 46 interactive machine locations 21520 | -3/Research | Lost 7 parts (1p2n2u2w) 21670 | -3/Research | Lost 6 parts (3n1u2w) 21714 | -3/Research | Revision forces began assault on 0b10 21751 | -3/Research | Core integrity fell below 50% 21758 | -3/Research | Released all parts (3) 21787 | -3/Research | Lost 4 parts (1n3u) 21805 | -3/Research | Core integrity fell below 20% 21862 | -3/Research | Met up with Revision 17++ 22214 | -3/Research | Research terminal network offline 22243 | -3/Research | Build established: Scavenger-Tank 22525 | -3/Research | Spotted Striker 22541 | -3/Research | Spotted Striker 22558 | -3/Research | Lost 5 allies 22799 | -3/Research | Spotted Striker 22805 | -3/Research | Destroyed by Striker with Plasma Lance Last Messages --------------- 22654_ H-77 Assassin destroyed. 22654_ Switching to secondary target: H-77 Assassin. 22654_ Penetrated by Slug. 22654_ Slug penetrates Wall. 22661_ Destroyed Imp. Phase Shifter. 22661_ H-77 Assassin suffers critical hit (Burn). 22661_ Myomer Leg melted. 22661_ Imp. Targeting Computer melted. 22661_ H-77 Assassin destroyed. 22670_ Acquired 20 matter. 22730_ Dropped Flexi-carbon Leg. 22745_ Acquired 10 matter. 22750_ Dropped Flexi-carbon Leg. 22751_ Acquired 10 matter. 22754_ Dropped Myomer Leg. 22758_ Acquired 10 matter. 22760_ Dropped Flexi-carbon Leg. 22767_ Acquired 10 matter. 22799_ Acquired 5 matter. 22802_ Destroyed Micro-nuke Launcher. Map ----- +----------------------------------------------------+ | #??????????>??????????????????????????????????? | | #?????????????????????????????????????????????? | | #?????????????????????????????????????????????? | | #?????????????????????????????????????????????? | | #?????????????????????????????????????????????? | | #?????????????????????????????????????????????? | | #?????????????????????????????????????????????? | | ##########???????????????????????????????????????? | | # """""""????????????????????????????????????? | | # """Y"""????????????????????????????????????? | | # ?????????????????????????????????????? | | # ! ???????????????????????????????????????? | | # ! ???????????###########??????????????????? | | # ?????????????# #??????????????????? | | !###"###########????# #??????????????????? | | [%!! #????# #??????????????????? | | !!= #????# #??????????????????? | | =%!% #????# #??????????????????? | | | =*%" #????# #??????????????????? | | #### [%"" ####?# ! #??????????????????? | | ?#! !![!G! # ### ##????# ??????????? | | #%=!=*[""=! # %## ### ????????? | | " *%[%=%"=%[ %%%% %%= %% ???????? | | # |*[![!%!%[ % % % % =???????? | | # !%=%[!= %% !%! !%???????? | | ?# =!!!! % @K d!???????? | | ??# !*[ ! ####### ## #????????? | | ??# """ # ?????????????????? | | ???# """ !! # #????????????????? | | ???# """ !! # #????????????????? | | ???# # #????????????????? | | ???# # #????????????????? | | ???# # ! #????????????????? | | ???##+#+##########+#### #????????????????? | | ????????????# = # #????????????????? | | ????????????# ###########????????????????? | | ????????????# #??????????????????????????? | | ????????????# #??????????????????????????? | | ?????????""?# ! #??????????????????????????? | | ?????????"""# """ #??????????????????????????? | | ??????????T"# """ #??????????????????????????? | | ?????????"""# """ #??????????????????????????? | | ?????????""?###########??????????????????????????? | | ?????????????????????????????????????????????????? | | ?????????????????????????????????????????????????? | | ?????????????????????????????????????????????????? | | ?????????????????????????????????????????????????? | | ?????????????????????????????????????????????????? | | ?????????????????????????????????????????????????? | | ?????????????????????????????????????????????????? | +----------------------------------------------------+ Best States ------------- Heat Dissipation 119 Coolant Potential 100 Energy Generation 70 Energy Capacity 755 Matter Stores 300 Matter Capacity 300 Sight Range 21 Terrain Scan Density 10 Jamming Range 14 Power Amplification 30 Additional Mass Support 9 Base Temperature (-) 200 EM Shielding 2 Armor Coverage 1200 Resistance: KI 20 Resistance: TH 30 Weapon Cycling 20 Melee Speed Boost 20 Phase Shifting 10 Evasion (%) 67 Targeting Accuracy 12 Core Analysis 8 Recoil Reduction 4 Item Schematics ----------------- Datajack | -10/Mines | Hacked Robot Schematics ------------------ None Fabricated ------------ Nothing Repaired ---------- Hrd. Medium Armor Plating | 29% | -8/Storage Alien Tech Used ----------------- None Achievements -------------- Hehehe Challenges ------------ None Game ------ Seed WarpEfficiencyScrapsphere Manual? 0 Play Time 04:31:38 Cumulative 241.1 hours Start 2025.08.07 @ 18:14:31 End 2025.08.08 @ 01:41:38 Sessions 3 Manual Loads 0 Difficulty Rogue Special Mode None Game No. 254 Rogue 254 Adventurer 0 Explorer 0 Win Type - Total 10 Types 5/0/3/1/0/0/0/0/0/1 Lore% 74 Gallery% 70 Achievement% 64 Wizard Run 0 Options --------- Layout 1 ASCII 0 Keyboard 1 Movement Numpad Keybinds 0 Fullscreen 1 Font 32/SmallcapsGlow Map View 77x35 Zoom Use 0% Tactical HUD 1 Map Filters NONE Filters NONE Steam 1 RUN: 241b9a51-de64-4e48-b341-20fc537e23a5